 Dungeon Crawl Stone Soup version bcrawl-1.12-10-g10a67aac0f (webtiles) character file.

Game seed: 7056645827154510718

2372 MisterOstroum the Insei (level 9, -8/68 HPs)
             Began as a Gnoll Transmuter on June 19, 2019.
             Was an Initiate of Okawaru.
             Shot with an arrow by a centaur warrior (14 damage)
             ... on level 6 of the Dungeon.
             The game lasted 00:16:42 (6297 turns).

MisterOstroum the Insei (Gnoll Transmuter)          Turns: 6297, Time: 00:16:43

Health: -8/68      AC:  2    Str: 12    XL:     9   Next: 45%
Magic:  18/18      EV: 27    Int: 16    God:    Okawaru [......]
Gold:   294        SH:  0    Dex: 24    Spells: 10/21 levels left

rFire    . . .     SeeInvis .     - Unarmed
rCold    . . .     Gourm    .   (shield currently unavailable)
rNeg     . . .     Faith    .   (armour currently unavailable)
rPois    x         Spirit   .   (helmet currently unavailable)
rElec    .         Reflect  .   (cloak currently unavailable)
rCorr    .         Harm     .   (gloves currently unavailable)
MR       .....                  (boots currently unavailable)
Stlth    +++.......             (no amulet)
HPRegen  0.21/turn              (no ring)
MPRegen  0.16/turn              (no ring)

@: spider-form
A: tiny, distributed training, strong nose
a: End Transformation, Renounce Religion


You were on level 6 of the Dungeon.
You worshipped Okawaru.
Okawaru was noncommittal.
You were hungry.
You were a venomous arachnid creature.
You visited 2 branches of the dungeon, and saw 7 of its levels.

You collected 294 gold pieces.

Inventory:

Hand Weapons
 p - a +0 spear
 v - a +0 halberd
 w - a +0 hunting sling (melded)
 G - a +0 shortbow
Missiles
 a - 332 arrows
 h - 964 stones (quivered)
 l - 70 javelins
 C - 91 tomahawks
 F - 96 sling bullets
 L - 66 poisoned tomahawks
Armour
 b - a +0 robe (melded)
 k - a +2 cloak (melded)
 t - a +0 pair of gloves (melded)
 u - a +0 leather armour
 y - a +0 chain mail
 z - the +2 leather armour "Jaosuum" {rElec rF- Stlth+, unknown}
   (You found it on level 6 of the Dungeon)

   It makes you vulnerable to fire.
   It insulates you from electricity.
   It makes you more stealthy.
 I - a +0 pair of boots
Wands
 A - a wand of disintegration (8)
 J - a wand of iceblast (4)
Scrolls
 d - a scroll of amnesia {unknown}
 f - a scroll of fog {unknown}
 g - 2 scrolls of remove curse {unknown}
 i - 7 scrolls of identify {unknown}
 m - a scroll of blinking {unknown}
 o - 2 scrolls of enchant armour {unknown}
 r - 3 scrolls of immolation {unknown}
 x - a scroll of teleportation {unknown}
 H - a scroll of summoning {unknown}
 K - a scroll of fear {unknown}
Potions
 c - a potion of mutation {unknown}
 j - 2 potions of flight {unknown}
 n - a potion of berserk rage {unknown}
 q - 4 potions of heal wounds {unknown}
 s - a potion of haste {@q4 !q}
 B - a potion of lignification {@q6}
 D - 2 potions of curing {unknown}
 E - 2 potions of brilliance {unknown}
 M - a potion of ambrosia {unknown}
Comestibles
 e - 8 rations {!d}


   Skills:
 + Level 5.0 Fighting
 + Level 4.1 Short Blades
 + Level 4.1 Long Blades
 + Level 4.1 Axes
 + Level 4.1 Maces & Flails
 + Level 4.1 Polearms
 + Level 4.1 Staves
 + Level 4.1 Slings
 + Level 4.1 Bows
 + Level 4.1 Crossbows
 + Level 4.1 Throwing
 + Level 4.1 Armour
 + Level 6.2 Dodging
 + Level 4.1 Stealth
 + Level 4.1 Shields
 + Level 7.8 Unarmed Combat
 + Level 6.6 Spellcasting
 + Level 3.4 Conjurations
 + Level 3.4 Hexes
 + Level 3.4 Charms
 + Level 3.4 Summonings
 + Level 3.4 Necromancy
 + Level 3.4 Translocations
 + Level 5.2 Transmutations
 + Level 3.4 Fire Magic
 + Level 3.4 Ice Magic
 + Level 3.4 Air Magic
 + Level 3.4 Earth Magic
 + Level 3.4 Poison Magic
 + Level 4.6 Invocations
 + Level 4.1 Evocations


You had 10 spell levels left.
You knew the following spells:

 Your Spells              Type           Power        Failure   Level  Hunger
a - Beastly Appendage     Tmut           ###...       7%          1    None
b - Sticks to Snakes      Tmut           ###.....     9%          2    None
c - Spider Form           Tmut/Pois      ###.......   19%         3    ##.....
d - Blade Hands           Tmut           ###.......   61%         5    #####..

Your spell library contained the following spells:

 Spells                   Type           Power        Failure   Level  Hunger
 Magic Dart               Conj           ###.         11%         1    None
 Searing Ray              Conj           ###...       14%         2    None
 Iskenderun's Mystic Bla  Conj           ###.....     24%         3    ##.....
 Ice Form                 Ice/Tmut       ###.....     43%         4    ####...
 Fulminant Prism          Conj/Hex       ###.......   52%         4    ####...
 Irradiate                Conj/Tmut      ###.......   73%         5    #####..


Dungeon Overview and Level Annotations

Branches:
Dungeon (6/12)             Temple (1/1) D:6

Altars:
Ashenzari
Cheibriados
Dithmenos
Elyvilon
Fedhas
Gozag
Hepliaklqana
Lugonu
Nemelex Xobeh
Okawaru
Qazlal
Ru
Sif Muna
Trog
Uskayaw
Vehumet
Xom
Yredelemnul
The Shining One


Innate Abilities, Weirdness & Mutations

Your experience applies equally to all skills.
((You have very sharp teeth.))
Your uncanny sense of smell can sniff out nearby items.


Message History

M - an orange potion Key pressed, stopping explore.
h - 964 stones (gained 94)
E - 2 metallic grey potions (gained 1)
Found a staircase to the Ecumenical Temple.
There is an open door here.
A centaur warrior comes into view.
A centaur warrior is nearby!
(D) Dungeon (T) Temple
Where to? (Enter - D:5 @ (x,y), ? - help) Some of the chunks of flesh in your inventory have rotted away.
There is an open door here.
There is a staircase to the Ecumenical Temple here.
You climb downwards.
Welcome to the Ecumenical Temple!
There is a staircase back to the Dungeon here.
You open the door.
There is an open door here.
You open the door.
Found a hazy altar of Hepliaklqana.
There is an open door here.
All of the chunks of flesh in your inventory have rotted away.
There is an open door here.
You open the door.
Found a stormy altar of Qazlal.
There is an open door here.
There is a stormy altar of Qazlal here.
There is an open door here.
You open the door.
Found a shadowy altar of Dithmenos.
There is an open door here.
There is an open door here.
You open the door.
Found a sparkling altar of Nemelex Xobeh.
There is an open door here.
There is an open door here.
You open the door.
Found three altars.
There is an open door here.
There is an open door here.
As you open the door, it creaks loudly!
Found an iron altar of Okawaru.
There is an open door here.
There is an open door here.
You open the door.
Found a bloodstained altar of Trog.
There is an open door here.
There is an open door here.
You open the door.
Found a blossoming altar of Fedhas and a corrupted altar of Lugonu.
There is an open door here.
There is an open door here.
You open the door.
Found an opulent altar of Gozag.
There is an open door here.
There is an opulent altar of Gozag here.
There is an open door here.
There is an open door here.
You open the door.
Found a radiant altar of Vehumet and a sacrificial altar of Ru.
There is an open door here.
There is an open door here.
You open the door.
Found a hide-covered altar of Uskayaw.
There is an open door here.
Done exploring.
Done exploring.
There is an open door here.
There is an open door here.
There is an open door here.
There is an iron altar of Okawaru here.
You crawl onto the altar of Okawaru.
Okawaru welcomes you!
(D) Dungeon (T) Temple
Where to? (Enter - Temple @ (x,y), ? - help)
There is an open door here.
There is an open door here.
There is a staircase back to the Dungeon here.
You are feeling hungry.
You climb upwards.
Welcome back to the Dungeon!
There is a staircase to the Ecumenical Temple here.
There is an open door here.
As you open the door, it creaks loudly!
There is an open door here.
There is an escape hatch in the floor here.
Found a stone staircase leading up.
J - a wand of iceblast (4)
You open the large door.
Found a shattered altar of Ashenzari and a deep blue altar of Sif Muna.
The centaur warrior shouts!
The centaur warrior wields a +0 shortbow.
The centaur warrior shoots an arrow.
The arrow misses you.
Unknown command.
The centaur warrior shoots an arrow.
The arrow closely misses you.
The centaur warrior shoots an arrow.
The arrow hits you!!
The centaur warrior shoots an arrow.
The arrow hits you!!
The centaur warrior shoots an arrow.
The arrow hits you!!
* * * LOW HITPOINT WARNING * * *
The centaur warrior shoots an arrow.
The arrow closely misses you.
The centaur warrior shoots an arrow.
The arrow hits you!
You die...

...#
#.......................
...#
#...#...................
...#
#.......................
...#
####....................
...# #...................†
...#
#######.....#######........
.### #...........#
#........ .# #...........#
#........ .# #.........s.#
#........ .# #...........#
#........ .# #.........c.#
#######.. .# #...........#
#.. ## #.....!.....# #..
#............. ###
#........##### ......


You could see a centaur warrior.

Vanquished Creatures
  Pikel (D:4)
  Duvessa (D:4)
  4 slaves (D:4)
  A phantom (D:6)
  5 ogres
  A centaur (D:6)
  A big kobold (D:6)
  2 bullfrogs (D:6)
  A wyvern zombie (D:5)
  Dowan (D:4)
  A scorpion (D:5)
  2 crimson imps
  A jelly (D:6)
  2 hounds
  3 orc priests (D:5)
  4 orc wizards
  3 iguanas
  4 worker ants
  A hound zombie (D:5)
  9 gnolls
  5 adders
  2 howler monkey skeletons
  A shadow imp (D:6)
  3 oozes
  An adder skeleton (D:5)
  A worm (D:3)
  3 dart slugs
  4 leopard geckos
  26 orcs
  A ball python (D:3)
  A giant cockroach (D:3)
  5 goblins
  7 hobgoblins
  8 jackals
  8 kobolds
  4 quokkas
  4 bats
  A frilled lizard (D:1)
  3 rats (D:1)
136 creatures vanquished.

Notes
Turn   | Place    | Note
-------+----------+-------------------------------------------
     0 | D:1      | MisterOstroum the Gnoll Transmuter began the quest for the
                  | Orb.
     0 | D:1      | Reached XP level 1. HP: 17/17 MP: 6/6
     8 | D:1      | Noticed a bullfrog
   241 | D:1      | Reached XP level 2. HP: 23/23 MP: 7/7
   265 | D:1      | Learned a level 2 spell: Sticks to Snakes
   828 | D:1      | Reached XP level 3. HP: 28/28 MP: 7/9
   832 | D:1      | Reached skill level 5 in Spellcasting
   837 | D:1      | Learned a level 3 spell: Spider Form
  1220 | D:2      | Reached skill level 1 in Invocations
  1358 | D:2      | Found a snail-covered altar of Cheibriados.
  1754 | D:3      | Reached skill level 1 in Short Blades
  1754 | D:3      | Reached skill level 1 in Long Blades
  1754 | D:3      | Reached skill level 1 in Axes
  1754 | D:3      | Reached skill level 1 in Maces & Flails
  1754 | D:3      | Reached skill level 1 in Polearms
  1754 | D:3      | Reached skill level 1 in Staves
  1754 | D:3      | Reached skill level 1 in Slings
  1754 | D:3      | Reached skill level 1 in Bows
  1754 | D:3      | Reached skill level 1 in Crossbows
  1754 | D:3      | Reached skill level 1 in Throwing
  1754 | D:3      | Reached skill level 1 in Armour
  1754 | D:3      | Reached skill level 1 in Stealth
  1754 | D:3      | Reached skill level 1 in Shields
  1754 | D:3      | Reached skill level 1 in Evocations
  1754 | D:3      | Reached XP level 4. HP: 29/34 MP: 9/11
  1835 | D:3      | Reached skill level 1 in Conjurations
  1835 | D:3      | Reached skill level 1 in Hexes
  1835 | D:3      | Reached skill level 1 in Charms
  1835 | D:3      | Reached skill level 1 in Summonings
  1835 | D:3      | Reached skill level 1 in Necromancy
  1835 | D:3      | Reached skill level 1 in Translocations
  1835 | D:3      | Reached skill level 1 in Fire Magic
  1835 | D:3      | Reached skill level 1 in Ice Magic
  1835 | D:3      | Reached skill level 1 in Air Magic
  1835 | D:3      | Reached skill level 1 in Earth Magic
  1835 | D:3      | Reached skill level 1 in Poison Magic
  1843 | D:3      | Reached XP level 5. HP: 23/40 MP: 8/12
  2213 | D:3      | Learned a level 5 spell: Blade Hands
  2215 | D:3      | Found a shimmering altar of Xom.
  2871 | D:4      | Noticed an ogre
  2885 | D:4      | Killed an ogre
  2885 | D:4      | Reached XP level 6. HP: 47/47 MP: 10/13
  2965 | D:4      | Reached skill level 5 in Dodging
  3182 | D:4      | Noticed Duvessa
  3183 | D:4      | Noticed Dowan
  3228 | D:4      | Killed Duvessa
  3228 | D:4      | Reached XP level 7. HP: 28/52 MP: 13/15
  3258 | D:4      | Killed Dowan
  3461 | D:4      | Reached skill level 7 in Unarmed Combat
  3714 | D:4      | Noticed Pikel
  3805 | D:4      | Killed Pikel
  3805 | D:4      | Reached XP level 8. HP: 47/60 MP: 4/16
  4182 | D:5      | Entered Level 5 of the Dungeon
  5303 | D:6      | Reached XP level 9. HP: 50/66 MP: 18/18
  5320 | D:6      | Reached skill level 5 in Transmutations
  5625 | D:6      | Got an ancient leather armour
  5798 | D:6      | Reached skill level 5 in Fighting
  5875 | D:6      | Found a staircase to the Ecumenical Temple.
  5897 | D:6      | Noticed a centaur warrior
  5923 | Temple   | Entered the Ecumenical Temple
  6161 | Temple   | Became a worshipper of Warmaster Okawaru
  6253 | D:6      | Found a shattered altar of Ashenzari.
  6253 | D:6      | Found a deep blue altar of Sif Muna.
  6297 | D:6      | Shot with an arrow by a centaur warrior

Skill      XL: |  1  2  3  4  5  6  7  8  9 |
---------------+----------------------------+-----
Spellcasting   | 5 6 |  6.6
Invocations    | 1 2 3 4 |  4.6
Short Blades   | 1 2 3 4 |  4.1
Long Blades    | 1 2 3 4 |  4.1
Axes           | 1 2 3 4 |  4.1
Maces & Flails | 1 2 3 4 |  4.1
Polearms       | 1 2 3 4 |  4.1
Staves         | 1 2 3 4 |  4.1
Slings         | 1 2 3 4 |  4.1
Bows           | 1 2 3 4 |  4.1
Crossbows      | 1 2 3 4 |  4.1
Throwing       | 1 2 3 4 |  4.1
Armour         | 1 2 3 4 |  4.1
Stealth        | 1 2 3 4 |  4.1
Shields        | 1 2 3 4 |  4.1
Evocations     | 1 2 3 4 |  4.1
Conjurations   | 1 2 3 |  3.4
Hexes          | 1 2 3 |  3.4
Charms         | 1 2 3 |  3.4
Summonings     | 1 2 3 |  3.4
Necromancy     | 1 2 3 |  3.4
Translocations | 1 2 3 |  3.4
Fire Magic     | 1 2 3 |  3.4
Ice Magic      | 1 2 3 |  3.4
Air Magic      | 1 2 3 |  3.4
Earth Magic    | 1 2 3 |  3.4
Poison Magic   | 1 2 3 |  3.4
Fighting       | 3 4 5 |  5.0
Transmutations | 4 5 |  5.2
Dodging        | 5 6 |  6.2
Unarmed Combat | 7 |  7.8

Action                   |  1- 3 |  4- 6 |  7- 9 || total
-------------------------+-------+-------+-------++-------
Melee: Unarmed           |    90 |    64 |   214 ||   368
       Dagger            |     3 |       |       ||     3
       Bite              |    11 |       |     1 ||    12
       Kick              |     6 |       |       ||     6
       Punch             |     2 |       |       ||     2
       Headbutt          |     1 |     1 |       ||     2
 Fire: Hunting sling     |       |    25 |     1 ||    26
Throw: Stone             |    33 |    10 |       ||    43
       Javelin           |       |       |     1 ||     1
 Cast: Beastly Appendage |    13 |     1 |       ||    14
       Spider Form       |     3 |    11 |     7 ||    21
       Blade Hands       |       |       |     1 ||     1
 Abil: End Transformatio |       |       |     1 ||     1
  Use: Potion            |       |       |     1 ||     1
 Stab: Sleeping          |       |       |     5 ||     5
       Distracted        |       |       |     1 ||     1
  Eat: Chunk             |     3 |     5 |    11 ||    19
Armor: Robe              |    11 |     7 |     2 ||    20
       Skin              |       |     3 |    10 ||    13
Dodge: Dodged            |    49 |    71 |   196 ||   316
